 Dungeon Crawl Stone Soup version 0.25-a0-388-g41a7e554cb (webtiles) character file.

Game seed: 3463980272498243322, levelgen mode: deterministic

791 FessEmpty the Poker (level 7, -10/58 HPs)
             Began as a Grey Draconian Wanderer on Jan 7, 2020.
             Mangled by Pikel
             ... wielding a +2 whip of electrocution
              (16 damage)
             ... on level 4 of the Dungeon.
             The game lasted 00:25:57 (5958 turns).

FessEmpty the Poker (Grey Draconian Wanderer)       Turns: 5958, Time: 00:25:58

Health: -10/58     AC: 11    Str: 13    XL:     7   Next: 57%
Magic:  6/6        EV: 12    Int: 14    God:
Gold:   178        SH:  5    Dex: 14    Spells: 6/6 levels left

rFire    + . .     SeeInvis .   b - +0 spear
rCold    + . .     Gourm    .   d - +0 buckler
rNeg     + . .     Faith    .   (armour unavailable)
rPois    .         Spirit   .   (helmet restricted)
rElec    .         Reflect  .   t - scarf {rC+ rF+}
rCorr    .         Harm     .   (no gloves)
MR       .....                  (no boots)
Stlth    +.........             (no amulet)
HPRegen  0.19/turn              n - ring of positive energy
MPRegen  0.10/turn              i - ring of wizardry

@: no status effects
A: walk through water, unfitting armour, hooves 1, agile 1, low mp 1,
unbreathing, cold-blooded, AC +11
a: no special abilities


You were on level 4 of the Dungeon.
You were not hungry.

You visited 1 branch of the dungeon, and saw 5 of its levels.

You collected 178 gold pieces.

Inventory:

Hand Weapons
 a - a +0 hand crossbow
 b - a +0 spear (weapon)
 e - a +0 dagger
Missiles
 c - 50 bolts
 u - 10 poisoned darts (quivered)
Armour
 d - a +0 buckler (worn)
 t - a scarf of resistance (worn)
Jewellery
 i - a ring of wizardry (right hand)
 n - a ring of positive energy (left hand)
 o - an uncursed ring of protection from magic {unknown}
Scrolls
 g - 3 scrolls of magic mapping
 h - a scroll of noise {unknown}
 k - 2 scrolls of remove curse
 m - 3 scrolls of immolation
 p - a scroll of fog {unknown}
 q - 4 scrolls of amnesia
 r - a scroll of teleportation
 v - a scroll of identify
 x - a scroll of blinking {unknown}
Potions
 j - a potion of ambrosia {unknown}
 l - a potion of magic
Comestibles
 f - 7 rations


   Skills:
 - Level 3.6 Fighting
 + Level 6.7 Polearms
 - Level 3.6 Crossbows
 - Level 1.0 Dodging
 - Level 1.0 Stealth
 - Level 4.1 Shields
   Level 1.0 Evocations


You had 6 spell levels left.
You didn't know any spells.
Your spell library was empty.

Dungeon Overview and Level Annotations

Branches:
Dungeon (5/15)
 Temple: D:4-7

Altars:

Shops:
D:4 [

Portals:
Abyss: D:3

Annotations:
D:3 2 transporters, zhorgal's ghost, amateur GrFi
D:4 Pikel
D:5 Eustachio


Innate Abilities, Weirdness & Mutations

You can walk through water.
Your dull iron-grey scales are very hard. (AC +11)
You cannot fit into any form of body armour.
You can survive without breathing.
You are cold-blooded and may be slowed by cold attacks.
You have large cloven feet.
You are agile. (Dex +2)
Your magical capacity is low. (-10% MP)


Message History

Aim: a worm (hasn't noticed you)
You shoot a bolt. The bolt barely misses the worm.
Firing (i - inventory. (/) - cycle)
c - 55 bolts (quivered)
Press: ? - help, Shift-Dir - straight line, f/p - worm
Aim: a worm You shoot a bolt.
The bolt hits the worm!
The worm is heavily wounded.
Firing (i - inventory. (/) - cycle)
c - 54 bolts (quivered)
Press: ? - help, Shift-Dir - straight line, f/p - worm
Aim: a worm (heavily wounded)
You shoot a bolt. The bolt hits the worm.
The worm is severely wounded.
Firing (i - inventory. (/) - cycle)
c - 53 bolts (quivered)
Press: ? - help, Shift-Dir - straight line, f/p - worm
Aim: a worm (severely wounded)
You shoot a bolt. The bolt hits the worm!
You kill the worm!
v - a scroll of identify
c - 53 bolts (gained 1)
You butcher the worm corpse.
w - 3 chunks of flesh
c - 55 bolts (gained 2)
c - 56 bolts (gained 1) Eating one of 3 chunks of flesh.
You eat one of the 3 chunks of flesh.
This raw flesh tastes terrible.
You see here a potion of degeneration.
You see here a leather armour.
Done exploring.
Done exploring.
There is a stone staircase leading down here.
There is a stone staircase leading down here.
There is a stone staircase leading down here.
b - a +0 spear (weapon)
You climb downwards.
Level annotation: Eustachio
There is a stone staircase leading up here.
A hound comes into view.
You see here a scroll labeled WUIHI NOLAJ.
x - a scroll labeled WUIHI NOLAJ The hound barks!
A worker ant zombie comes into view.
Attack whom?
Press: ? - help, Dir - move target cursor, f - hound
Aim: a hound You reach to attack!
You hit the hound but do no damage. You hit the hound but do no damage.
The hound bites you but does no damage. You block the hound's attack.
You barely miss the hound. Your kick misses the hound.
Your tail-slap misses the hound.
The hound bites you but does no damage.
You hit the hound. Your kick misses the hound.
The hound is heavily wounded.
The hound barely misses you.
You hit the hound but do no damage.
Your tail-slap misses the hound.
The hound is heavily wounded.
The hound closely misses you.
You hit the hound. Your kick misses the hound.
Your tail-slap misses the hound.
The hound is severely wounded.
The hound bites you but does no damage.
You hit the hound. You kick the hound.
The hound is almost dead.
The hound misses you.
You barely miss the hound. You kick the hound, but do no damage.
The hound is almost dead.
The hound bites you.
You hit the hound.
You kill the hound!
You hit the worker ant zombie. Your kick misses the worker ant zombie.
The worker ant zombie is moderately damaged.
The worker ant zombie barely misses you.
You hit the worker ant zombie but do no damage.
You kick the worker ant zombie.
The worker ant zombie is moderately damaged.
The worker ant zombie bites you but does no damage.
You hit the worker ant zombie but do no damage.
The worker ant zombie is moderately damaged.
You block the worker ant zombie's attack.
You hit the worker ant zombie but do no damage.
The worker ant zombie is moderately damaged.
You hit the worker ant zombie. You kick the worker ant zombie.
The worker ant zombie is severely damaged.
You block the worker ant zombie's attack.
You hit the worker ant zombie but do no damage.
Your tail-slap misses the worker ant zombie.
The worker ant zombie is severely damaged.
The worker ant zombie barely misses you.
You hit the worker ant zombie. You kick the worker ant zombie.
You destroy the worker ant zombie!
All of the chunks of flesh in your inventory have rotted away.
HP restored.
Found an escape hatch in the floor.
A slave comes into view.
A slave and Pikel come into view.
Pikel is wielding a +2 whip of electrocution.
Throwing (i - inventory)
u - 10 poisoned darts (quivered)
Press: ? - help, Shift-Dir - straight line, f - Pikel
Aim: Pikel, wielding a +2 whip of electrocution and wearing a +0 robe (resting)
Okay, then.
a - a +0 hand crossbow (weapon)
Firing (i - inventory. (/) - cycle)
c - 56 bolts (quivered)
Press: ? - help, Shift-Dir - straight line, f - Pikel
Aim: Pikel, wielding a +2 whip of electrocution and wearing a +0 robe (resting)
You shoot a bolt. The bolt hits the slave!
The slave shouts!
The slave is heavily wounded.
A slave comes into view.
The slave moves out of view.
Pikel shouts!
The slave shouts!
You hear a shout!
Firing (i - inventory. (/) - cycle)
c - 55 bolts (quivered)
Press: ? - help, Shift-Dir - straight line, f/p - Pikel
Aim: Pikel, wielding a +2 whip of electrocution and wearing a +0 robe You shoot a bolt.
The bolt hits Pikel!
Pikel is moderately wounded.
Firing (i - inventory. (/) - cycle)
c - 54 bolts (quivered)
Press: ? - help, Shift-Dir - straight line, f/p - Pikel
Aim: Pikel, wielding a +2 whip of electrocution and wearing a +0 robe (moderately wounded)
You shoot a bolt. The bolt barely misses Pikel.
Firing (i - inventory. (/) - cycle)
c - 53 bolts (quivered)
Press: ? - help, Shift-Dir - straight line, f/p - Pikel
Aim: Pikel, wielding a +2 whip of electrocution and wearing a +0 robe (moderately wounded)
You shoot a bolt. The bolt hits Pikel but does no damage.
Pikel is moderately wounded.
Firing (i - inventory. (/) - cycle)
c - 52 bolts (quivered)
Press: ? - help, Shift-Dir - straight line, f/p - Pikel
Aim: Pikel, wielding a +2 whip of electrocution and wearing a +0 robe (moderately wounded)
You shoot a bolt. The bolt barely misses Pikel.
The bolt barely misses the slave.
A slave comes into view.
There is a stone staircase leading up here.
Firing (i - inventory. (/) - cycle)
c - 51 bolts (quivered)
Press: ? - help, Shift-Dir - straight line, f/p - Pikel
Aim: Pikel, wielding a +2 whip of electrocution and wearing a +0 robe (moderately wounded)
You shoot a bolt. The bolt hits Pikel!
Pikel is heavily wounded.
Pikel barely misses you.
You climb upwards.
There is a stone staircase leading down here.
b - a +0 spear (weapon)
Pikel barely misses you.
You hit Pikel but do no damage. You kick Pikel, but do no damage.
Pikel is heavily wounded.
You hit Pikel but do no damage.
Pikel is heavily wounded.
Pikel hits you with a +2 whip of electrocution!
You hit Pikel but do no damage.
Pikel is heavily wounded.
Pikel hits you with a +2 whip of electrocution.
You closely miss Pikel.
Pikel is heavily wounded.
Pikel barely misses you.
You closely miss Pikel. You kick Pikel, but do no damage.
Pikel is heavily wounded.
You closely miss Pikel.
Your tail-slap misses Pikel.
Pikel is heavily wounded.
Pikel hits you but does no damage.
You closely miss Pikel. You kick Pikel, but do no damage.
Pikel is heavily wounded.
Pikel hits you but does no damage.
You barely miss Pikel.
Pikel is heavily wounded.
Pikel barely misses you.
You hit Pikel but do no damage. You kick Pikel.
Your tail-slap misses Pikel.
Pikel is heavily wounded.
Pikel closely misses you.
You hit Pikel but do no damage. You kick Pikel.
Your tail-slap misses Pikel.
Pikel is severely wounded.
You hit Pikel but do no damage. You kick Pikel, but do no damage.
Pikel is severely wounded.
You block Pikel's attack.
Throwing (i - inventory)
u - 10 poisoned darts (quivered)
Press: ? - help, Shift-Dir - straight line, f - Pikel
Aim: Pikel, wielding a +2 whip of electrocution and wearing a +0 robe (severely wounded)
Okay, then.
You hit Pikel but do no damage. Your kick misses Pikel.
Pikel is severely wounded.
Pikel hits you but does no damage.
You hit Pikel. Your kick misses Pikel.
Pikel is severely wounded.
You closely miss Pikel.
Pikel is severely wounded.
Pikel hits you but does no damage.
You barely miss Pikel.
Your tail-slap misses Pikel.
Pikel is severely wounded.
Pikel misses you.
You hit Pikel.
Pikel is severely wounded.
Pikel hits you but does no damage.
You are electrocuted!
You miss Pikel. Your kick misses Pikel.
Pikel is severely wounded.
You closely miss Pikel. You kick Pikel, but do no damage.
Pikel is severely wounded.
Pikel hits you with a +2 whip of electrocution.
You hit Pikel but do no damage. Your kick misses Pikel.
Pikel is severely wounded.
Pikel hits you but does no damage.
You are electrocuted!!
* * * LOW HITPOINT WARNING * * *
You feel better.
Pikel hits you with a +2 whip of electrocution!
* * * LOW HITPOINT WARNING * * *
You are electrocuted!
You die...

#.........###....
#.#....##.# ###..
##.....##.#####.#
#..#.......#.#.#
##...............
#####...............#
#..###..............#
##..................##
#...K@..#####.#.....##
##..>#........#>....##
######.#.###.#.......
#...#.# #.#.......
#...#.###.#.......
##..#..........)..
####.#####.......
#...##........
#...........##


You could see Pikel.

Vanquished Creatures
  A sky beast (D:5)
  An ogre (D:4)
  2 phantoms (D:4)
  Blork the orc (D:5)
  A howler monkey (D:4)
  4 hounds
  A worker ant (D:4)
  A hound skeleton (D:5)
  6 adders
  2 worker ant zombies (D:5)
  3 worms
  A dart slug (D:3)
  4 leopard geckos
  5 orcs
  2 ball pythons (D:5)
  A giant cockroach (D:3)
  3 hobgoblins
  4 jackals (D:5)
  5 kobolds
  2 quokkas
  6 bats
  8 frilled lizards
  5 goblins
  A quokka skeleton (D:4)
  A quokka zombie (D:5)
  6 rats
77 creatures vanquished.

Vanquished Creatures (collateral kills)
  A worker ant (D:4)
  2 hobgoblins (D:1)
  4 jackals (D:1)
  2 bats (D:1)
  2 frilled lizards (D:1)
  A goblin (D:1)
  A kobold (D:1)
  A rat (D:1)
14 creatures vanquished.

Grand Total: 91 creatures vanquished

Notes
Turn   | Place    | Note
-------+----------+-------------------------------------------
     0 | D:1      | FessEmpty the Draconian Wanderer began the quest for the
                  | Orb.
     0 | D:1      | FessEmpty set off with the following items: a +0 hand
                  | crossbow, a box of beasts, 27 bolts, a +0 buckler, a ration
     0 | D:1      | Reached XP level 1. HP: 17/17 MP: 1/1
   270 | D:1      | Reached XP level 2. HP: 9/26 MP: 2/2
  1209 | D:2      | Reached XP level 3. HP: 31/33 MP: 3/3
  2035 | D:3      | Reached XP level 4. HP: 23/40 MP: 4/4
  2531 | D:3      | Found a transporter.
  2540 | D:3      | Found a one-way gate to the infinite horrors of the Abyss.
  2540 | D:3      | Noticed zhorgal's ghost (amateur GrFi)
  2540 | D:3      | Identified the +4 flail of Licor {distort, rC- Int+6}
  2635 | D:3      | Found a transporter.
  2653 | D:3      | Noticed a small abomination
  3160 | D:4      | Noticed an ogre
  3647 | D:4      | Reached XP level 5. HP: 17/46 MP: 5/5
  3872 | D:4      | Found Mammyrav's Antique Armour Boutique.
  4083 | D:4      | Noticed a phantom
  4113 | D:4      | Killed a phantom
  4113 | D:4      | Reached skill level 2 in Polearms
  4259 | D:4      | Reached skill level 3 in Polearms
  4259 | D:4      | Reached XP level 6. HP: 43/52 MP: 6/6
  4825 | D:4      | Reached skill level 4 in Polearms
  4891 | D:5      | Entered Level 5 of the Dungeon
  5001 | D:5      | Noticed Eustachio
  5187 | D:5      | Noticed a sky beast
  5198 | D:5      | Gained mutation: You are agile. (Dex +2) [potion of
                  | mutation]
  5198 | D:5      | Gained mutation: Your magical capacity is low. (-10% MP)
                  | [potion of mutation]
  5198 | D:5      | Gained mutation: You have large cloven feet. [potion of
                  | mutation]
  5212 | D:5      | Killed a sky beast
  5212 | D:5      | Reached skill level 5 in Polearms
  5212 | D:5      | Your scales start taking on a dull iron-grey colour.
  5212 | D:5      | Reached XP level 7. HP: 16/58 MP: 6/6
  5212 | D:5      | Gained mutation: You can survive without breathing. [Grey
                  | Draconian growth]
  5229 | D:5      | Noticed Blork the orc
  5454 | D:5      | Killed Blork the orc
  5495 | D:4      | Reached skill level 6 in Polearms
  5914 | D:5      | Noticed Pikel
  5958 | D:4      | Mangled by Pikel

Levels and vault maps discovered:
D:1:      giann_wishing_wells, layout_loops_ring
D:2:      layout_basic
D:3:      layout_rooms, gammafunk_ghost_abyssal_escape, first_ration
D:4:      layout_cave_pools, serial_shops, shop, minmay_misc_feat_encased,
          minmay_vboxes
D:5:      layout_gridville, uniq_menkaure, uniq_eustachio, uniq_blork_the_orc,
          uniq_pikel

Skill      XL: |  1  2  3  4  5  6  7 |
---------------+----------------------+-----
Fighting       | 3 |  3.6
Shields        | 2 4 |  4.1
Polearms       | 3 5 6 |  6.7
Crossbows      | |  3.6
Dodging        | |  1.0
Stealth        | |  1.0
Evocations     | |  1.0

Action                   |  1- 3 |  4- 6 |  7- 9 || total
-------------------------+-------+-------+-------++-------
Melee: Unarmed           |    51 |       |       ||    51
       Tailslap          |    10 |    26 |     1 ||    37
       Dagger            |   102 |   126 |       ||   228
       Spear             |       |   126 |    49 ||   175
       Kick              |       |     4 |    16 ||    20
 Fire: Hand crossbow     |    14 |    58 |    22 ||    94
Throw: Throwing net      |     2 |     2 |       ||     4
Evoke: Box of beasts     |     2 |     1 |       ||     3
  Use: Potion            |     3 |     6 |     1 ||    10
       Scroll            |     6 |     5 |       ||    11
 Stab: Sleeping          |     4 |       |       ||     4
       Invisible         |       |     2 |       ||     2
  Eat: Chunk             |     4 |    10 |     2 ||    16
Armor: Skin              |    41 |    67 |    13 ||   121
Dodge: Dodged            |    98 |   134 |    15 ||   247
Block: Buckler           |    18 |    64 |     7 ||    89

Table legend:
 A = Non-vault XP
 B = Vault XP
 C = Vault XP percentage of total XP
 D = Non-vault monster count
 E = Vault monster count
 F = Vault count percentage of total count
                 A         B        C        D         E       F
            +---------+---------+-------+---------+---------+-------
      Total |     891 |     240 |  21.2 |      87 |       4 |   4.4
            +---------+---------+-------+---------+---------+-------
        D:1 |      29 |       0 |   0.0 |      24 |       0 |   0.0
        D:2 |      56 |       0 |   0.0 |      14 |       0 |   0.0
        D:3 |      61 |       0 |   0.0 |      18 |       0 |   0.0
        D:4 |     422 |     141 |  25.0 |      15 |       3 |  16.7
        D:5 |     323 |      99 |  23.5 |      16 |       1 |   5.9
            +---------+---------+-------+---------+---------+-------
